 Dungeon Crawl Stone Soup version 0.30-a0-210-g01b79a254e (webtiles) character file.

Game seed: 10878989476384810873

4115 scionoferis the Slicer (level 10, -4/60 HPs)
             Began as a Kobold Brigand on Oct 4, 2022.
             Was an Elder of Uskayaw.
             Killed from afar by an acid dragon (27 damage)
             ... with a splash of acid
             ... on level 8 of the Dungeon.
             The game lasted 00:39:55 (11532 turns).

scionoferis the Slicer (Kobold Brigand)            Turns: 11532, Time: 00:39:55

Health: -4/60      AC:  6    Str: 13    XL:     10   Next: 51%
Magic:  6/15       EV: 17    Int: 12    God:    Uskayaw [****..]
Gold:   131        SH:  7    Dex: 23    Spells: 9/9 levels left

rFire   . . .      SeeInvis .    a - +0 short sword (flame)
rCold   + + .      Faith    +    H - +1 buckler {rC+}
rNeg    . . .      Spirit   .    n - +0 ring mail
rPois   .          Reflect  .    F - +1 helmet
rElec   .          Harm     .    c - +0 cloak
rCorr   .          Rampage  .    (no gloves)
Will    .....                    J - +0 pair of boots
Stlth   +++++.....               C - amulet of faith
HPRegen 0.30/turn                B - ring "Wuwkoej" {rC+ Dex+4}
MPRegen 0.14/turn                r - ring "Aklon" {Str+2 Slay+4}

@: corroded
A: small, no large weapons, nightstalker 3
a: Renounce Religion, Stomp, Line Pass


You were on level 8 of the Dungeon.
You worshipped Uskayaw.
Uskayaw was noncommittal.
You visited 2 branches of the dungeon, and saw 9 of its levels.
You also visited: Bailey.

You collected 516 gold pieces.
You spent 385 gold pieces at shops.

Inventory:

Hand Weapons
 a - a +0 short sword of flaming (weapon)
 e - a +2 dagger
Missiles
 d - 8 poisoned darts (quivered)
 l - 5 throwing nets
 s - 3 boomerangs
 u - a curare-tipped dart
Armour
 c - a +0 cloak (worn)
 n - a +0 ring mail (worn)
 x - a +0 robe of positive energy
 F - a +1 helmet (worn)
 H - a +1 buckler of cold resistance (worn)
 J - a +0 pair of boots (worn)
Magical Staves
 v - a staff of conjuration
Jewellery
 f - the ring of Reimbursement {rElec Int+6}
   (You acquired it on level 1 of the Dungeon)

   [ring of intelligence]

   Int:       It affects your intelligence (+6).
   rElec:     It insulates you from electricity.
 k - a ring of magical power
 r - the ring "Aklon" (right hand) {Str+2 Slay+4}
   (You took it off a gnoll sergeant in a bailey)

   [ring of slaying]

   Str:       It affects your strength (+2).
   Slay:      It affects your accuracy & damage with ranged weapons and melee
   (+4).
 B - the ring "Wuwkoej" (left hand) {rC+ Dex+4}
   (You found it on level 4 of the Dungeon)

   [ring of protection from cold]

   Dex:       It affects your dexterity (+4).
   rC:        It protects you from cold.
 C - an amulet of faith (around neck)
 D - a ring of willpower
Wands
 G - a wand of flame (12)
 M - a wand of paralysis (7)
Scrolls
 g - 5 scrolls of teleportation
 j - 2 scrolls of fog
 p - 2 scrolls of noise {unknown}
 q - 2 scrolls of magic mapping {unknown}
 w - a scroll of fear
 y - 3 scrolls of enchant armour {unknown}
 z - 4 scrolls of blinking
 A - 2 scrolls of immolation {unknown}
 K - a scroll of amnesia
Potions
 b - a potion of haste
 h - a potion of attraction {unknown}
 i - 2 potions of lignification {unknown}
 m - a potion of heal wounds {unknown}
 o - 2 potions of mutation {unknown}
 t - 2 potions of curing
 E - 4 potions of brilliance {unknown}
 I - a potion of ambrosia {unknown}
 L - a potion of berserk rage {unknown}
 N - a potion of cancellation {unknown}


   Skills:
 + Level 6.3 Fighting
 * Level 10.4 Short Blades
 - Level 2.1 Throwing
 + Level 4.3 Armour
 + Level 6.5 Dodging
 + Level 7.6 Stealth
 + Level 2.1 Shields
 * Level 6.8 Invocations
 + Level 1.0 Evocations


You had 9 spell levels left.
You didn't know any spells.
Your spell library contained the following spells:

 Spells                   Type           Power      Damage    Failure   Level
 Foxfire                  Conj/Fire      0%         2x1d4     71%         1
 Fireball                 Conj/Fire      0%         3d3       100%        5
 Starburst                Conj/Fire      0%         6d3       100%        6


Dungeon Overview and Level Annotations

Branches:
Dungeon (8/15)             Temple (1/1) D:4          Bailey (visited)
   Lair: D:8-11

Altars:
Cheibriados
Dithmenos
Fedhas
Gozag
Hepliaklqana
Makhleb
Nemelex Xobeh
Okawaru
Qazlal
Ru
Sif Muna
Trog
Uskayaw
Xom
Yredelemnul
Zin
The Shining One

Shops:
D:1 **?   D:7 :

Annotations:
D:4 2 transporters
D:6 2 transporters, a11behringer's ghost, novice GrFi


Innate Abilities, Weirdness & Mutations

You are small and have problems with some larger weapons.
You are completely attuned to the shadows.


Message History

An orc is wielding a +0 whip and wearing a +2 scale mail of positive energy.
The orc shouts!
You hear a roar!
You hear a shout!
The killer bee misses you.
The killer bee stings itself.
You block the killer bee's attack.
You catch the helpless killer bee completely off-guard!
You impale the killer bee!! You burn the killer bee.
You kill the killer bee!
You block the killer bee's attack.
The killer bee stings you but does no damage.
Uskayaw will force your foes to share their pain.
You puncture the killer bee! You burn the killer bee.
The killer bee is heavily wounded.
The killer bee stings you. The necrophage closely misses you.
You strike the helpless killer bee from behind!
You impale the killer bee!! You burn the killer bee.
You kill the killer bee!
The killer bee stings you. The killer bee stings you!
The necrophage closely misses you.
An acid dragon comes into view.
Your Evocations skill increases to level 1!
You closely miss the killer bee. The killer bee misses you.
You barely miss the killer bee. You block the killer bee's attack.
The necrophage hits you but does no damage.
You completely miss the killer bee. The killer bee completely misses you.
You stomp with the beat, sending a shockwave through the revellers around you!
You kill the orc!
The killer bee is heavily wounded.
You kill the orc!
The necrophage is heavily damaged.
You block the killer bee's attack. The necrophage misses you.
An orc priest comes into view. It is wielding a +0 hand axe.
The acid dragon spits acid at you. The splash of acid hits you!!
The acid corrodes you! The killer bee misses you.
Uskayaw will force your foes to share their pain.
The killer bee attacks as you move away!
The killer bee stings you. The killer bee misses you.
The killer bee barely misses you. The acid dragon spits acid at you.
The splash of acid hits you!!
You die...

............ #. #..
##..#..#.^[
##.##'####..#######
.............#
........)....#
....).†......#
....)........#
....D..ny....#
....o...@....#
........†....#
####+###.<## ####


You could see an acid dragon (catching breath), a necrophage, a killer bee and
an orc priest.

Vanquished Creatures
  2 wyverns
  Grum (Bailey)
  An acid dragon (D:7)
  2 orc warriors
  An ice beast (D:6)
  A sky beast (D:7)
  A black bear (D:6)
  An ogre (D:5)
  2 centaurs
  5 wolves (Bailey)
  A phantom (D:6)
  A bullfrog (D:7)
  2 necrophages
  8 gnoll sergeants
  4 scorpions
  5 killer bees (D:8)
  2 howler monkeys
  6 hounds
  3 jellies
  6 gnoll boudas
  5 orc priests
  2 iguanas
  5 orc wizards
  27 gnolls
  5 adders
  A shadow imp (D:7)
  A white imp (D:5)
  A worm (D:2)
  A dart slug (D:2)
  25 orcs
  5 ball pythons
  9 endoplasms
  3 giant cockroaches
  9 goblins
  4 hobgoblins
  3 jackals (D:1)
  3 kobolds
  5 quokkas
  2 bats
  2 frilled lizards (D:1)
  6 rats
179 creatures vanquished.

Vanquished Creatures (others)
  26 plants
26 creatures vanquished.

Grand Total: 205 creatures vanquished

Notes
Turn   | Place    | Note
-------+----------+-------------------------------------------
     0 | D:1      | scionoferis the Kobold Brigand began the quest for the Orb.
     0 | D:1      | Reached XP level 1. HP: 12/12 MP: 1/1
    63 | D:1      | Found Plog's Magic Scroll Emporium.
   178 | D:1      | Reached skill level 3 in Short Blades
   178 | D:1      | Reached XP level 2. HP: 18/18 MP: 2/2
   595 | D:1      | Found Kaurioli's Assorted Antiques.
   659 | D:1      | Found a faded altar of an unknown god.
   675 | D:1      | Found Haobrieg's General Store.
   732 | D:1      | Reached XP level 3. HP: 22/22 MP: 3/3
  1281 | D:2      | Reached XP level 4. HP: 15/27 MP: 4/4
  1574 | D:2      | Reached skill level 4 in Short Blades
  1723 | D:2      | Reached skill level 1 in Armour
  1913 | D:3      | Reached XP level 5. HP: 32/32 MP: 5/5
  2473 | D:3      | Reached skill level 5 in Short Blades
  2473 | D:3      | Reached XP level 6. HP: 36/37 MP: 6/6
  2717 | D:1      | Bought a scroll labelled ZUCSEPT SIDAA for 26 gold pieces
  2717 | D:1      | Bought a scroll labelled KIOSTI ESAGEM for 26 gold pieces
  2717 | D:1      | Bought a fuming grey potion for 23 gold pieces
  2717 | D:1      | Bought 2 scrolls labelled ELUS AREAQICVUY for 52 gold
                  | pieces
  2814 | D:1      | Bought a scroll of identify for 22 gold pieces
  3331 | D:1      | Bought a potion of degeneration for 11 gold pieces
  3338 | D:1      | Identified a scroll of acquirement
  3354 | D:1      | Acquired the ring of Reimbursement {rElec Int+6}
  3418 | D:4      | Found a shadowy altar of Dithmenos.
  3515 | D:4      | Identified the ring "Wuwkoej" {rC+ Dex+4}
  3582 | D:4      | Found a staircase to the Ecumenical Temple.
  3589 | Temple   | Entered the Ecumenical Temple
  3760 | Temple   | Became a worshipper of Uskayaw the Reveller
  3779 | D:4      | Reached * piety under Uskayaw
  3801 | D:4      | Reached ** piety under Uskayaw
  3882 | D:4      | Found a transporter.
  4010 | D:4      | Reached skill level 6 in Short Blades
  4010 | D:4      | Reached XP level 7. HP: 42/42 MP: 7/7
  4073 | D:4      | Reached *** piety under Uskayaw
  4589 | D:4      | Identified the +8 spear "Yseremea" {pain, Dex+4}
  4596 | D:4      | Found a transporter.
  4640 | D:5      | Entered Level 5 of the Dungeon
  4670 | D:5      | Reached skill level 1 in Invocations
  4954 | D:5      | Reached **** piety under Uskayaw
  4958 | D:5      | Reached XP level 8. HP: 48/48 MP: 9/9
  4959 | D:5      | Reached ***** piety under Uskayaw
  5203 | D:5      | Reached skill level 7 in Short Blades
  6136 | D:6      | Reached skill level 8 in Short Blades
  6333 | D:6      | Reached skill level 5 in Fighting
  6333 | D:6      | Reached skill level 5 in Dodging
  6333 | D:6      | Reached XP level 9. HP: 46/54 MP: 12/12
  6410 | D:6      | Found a hazy altar of Hepliaklqana.
  6510 | D:6      | HP: 1/54 [gnoll/+0 halberd[a gnoll sergeant] (6)]
  7382 | D:6      | Found a transporter.
  7383 | D:6      | Noticed a11behringer's ghost (novice GrFi)
  7386 | D:6      | Found a transporter.
  7998 | D:6      | Reached skill level 5 in Invocations
  8273 | D:7      | Found a flagged portal.
  8305 | Bailey   | Entered a bailey
  8722 | Bailey   | Reached skill level 9 in Short Blades
  9070 | Bailey   | Identified the ring "Aklon" {Str+2 Slay+4}
  9080 | Bailey   | Noticed Grum
  9529 | Bailey   | Killed Grum
  9530 | Bailey   | Reached skill level 1 in Shields
  9962 | Bailey   | Reached XP level 10. HP: 60/60 MP: 14/14
 10245 | D:7      | Found a burning altar of Makhleb.
 10247 | D:7      | Found a glowing silver altar of Zin.
 10248 | D:7      | Noticed a cacodemon
 10316 | D:7      | Reached skill level 10 in Short Blades
 10526 | D:7      | Noticed an angel
 10911 | D:7      | Found Bazxit's Self-Improvement Boutique.
 11092 | D:1      | Bought 3 scrolls of blinking for 225 gold pieces
 11526 | D:8      | Reached skill level 1 in Evocations
 11532 | D:8      | Killed from afar by an acid dragon

Illustrated notes

Levels and vault maps discovered:
D:1:      minmay_arrival_cross, layout_rooms, serial_shops,
          nicolae_shop_hallway_plus, nicolae_shop_trees, nicolae_lakefront_shop,
          shapermc_ecumenical_altar_mp_highgroup
D:2:      layout_basic
D:3:      layout_basic, serial_glass, glass_columns_b, glass_columns_a,
          minmay_strange_pillars, minmay_strange_pillars
D:4:      layout_cave_pools, nicolae_dithmenos_shadow_blocks,
          minmay_temple_entry_large_hall, gammafunk_ghost_gnarly_gnolls,
          minmay_ruptured
D:5:      layout_loops_cross, solitary_fountain, grunt_ministairs_3,
          amcnicky_mini_corridor_feature, nicolae_grassy_gnolls
D:6:      layout_layer_cave, mainiacjoe_overflow_paths, gammafunk_ghost_arena
D:7:      layout_layer_cave, grunt_temple_overflow_order_and_chaos_2,
          enter_bailey_2, nicolae_shop_self_help
D:8:      layout_gridville, chequers_temple_overflow_minitemple
Temple:   hellmonk_temple_forest_ring

Skill      XL: |  1  2  3  4  5  6  7  8  9 10 |
---------------+-------------------------------+-----
Short Blades   | 3 4 5 6 8 9 10 | 10.4
Dodging        | 2 3 4 5 6 |  6.5
Armour         | 1 2 3 4 |  4.3
Fighting       | 3 4 5 6 |  6.3
Stealth        | 6 7 |  7.6
Invocations    | 2 4 5 6 |  6.8
Shields        | 1 2 |  2.1
Evocations     | 1 |  1.0
Throwing       | |  2.1

Action                   |  1- 3 |  4- 6 |  7- 9 | 10-12 || total
-------------------------+-------+-------+-------+-------++-------
Melee: Dagger            |    79 |   165 |   512 |    12 ||   768
       Punch             |       |       |     2 |       ||     2
       Short sword       |       |       |       |   126 ||   126
Throw: Dart              |     2 |       |    52 |     4 ||    58
       Boomerang         |       |     1 |    34 |       ||    35
       Throwing net      |       |       |     7 |       ||     7
Invok: Line Pass         |       |       |     2 |     3 ||     5
       Stomp             |       |       |       |     1 ||     1
  Use: Potion            |       |     2 |     2 |       ||     4
       Scroll            |       |     8 |     5 |     1 ||    14
 Stab: Sleeping          |    15 |    17 |    16 |     1 ||    49
       Distracted        |       |     1 |     3 |       ||     4
       Paralysed         |       |       |     6 |     6 ||    12
       Held in net/web   |       |       |     3 |       ||     3
       Confused          |       |       |     1 |     4 ||     5
Armor: Robe              |     8 |       |       |       ||     8
       Ring mail         |       |    29 |    52 |    29 ||   110
Dodge: Dodged            |    32 |    69 |   231 |    74 ||   406
Block: Buckler           |       |       |    33 |    31 ||    64

Table legend: (Time is in decaauts)
 A = Elapsed time spent in this place.
 B = Non-inter-level travel time spent in this place.
 C = Inter-level travel time spent in this place.
 D = Time resting spent in this place.
 E = Time spent auto-exploring this place.
 F = Levels seen in this place.
 G = Mean time per level.
                   A        B        C        D        E       F      G
               +--------+--------+--------+--------+--------+-----+--------+
         Total |  11229 |  10384 |    845 |   1665 |   5803 |  10 | 1122.9 |
       Dungeon |   9336 |   8521 |    815 |   1087 |   5376 |   8 | 1167.0 |
        Temple |    184 |    154 |     30 |      0 |    133 |   1 |  184.0 |
        Bailey |   1708 |   1708 |      0 |    578 |    294 |   1 | 1708.0 |
               +--------+--------+--------+--------+--------+-----+--------+

Top non-repeatable levels by time:
     D:6: 1760 daAuts
  Bailey: 1708 daAuts
     D:5: 1527 daAuts
     D:3: 1367 daAuts
     D:2: 1173 daAuts
     D:7: 1159 daAuts
     D:4: 1156 daAuts
     D:1: 1068 daAuts
  Temple: 184 daAuts
     D:8: 123 daAuts
